 Dungeon Crawl Stone Soup version 0.14.2 (webtiles) character file.

1339 Amnesiac the Prestidigitator (level 8, -2/37 HPs)
             Began as a Spriggan Artificer on Feb 4, 2018.
             Was an Elder of Nemelex Xobeh.
             Slain by a worm (8 damage)
             ... on Level 7 of the Dungeon.
             The game lasted 00:31:55 (9107 turns).

Amnesiac the Prestidigitator (Spriggan Artificer)   Turns: 9107, Time: 00:31:56

HP  -2/37        AC  3     Str  7      XL: 8   Next:  7%
MP   0/34        EV 18     Int 14      God: Nemelex Xobeh [****..]
Gold 271         SH  0     Dex 18      Spells:  1 memorised,  5 levels left

rFire  + . .     SeeInvis +     a - +0 spear
rCold  . . .     Clarity  .     e - +1 robe
rNeg   . . .     Conserve .     (shield restricted)
rPois  .         rCorr    .     (helmet restricted)
rElec  .         rRot     .     (no cloak)
SustAb . .       Spirit   +     (gloves unavailable)
rMut   .         Warding  .     (boots unavailable)
Saprov . . .     Stasis   .     q - amulet of guardian spirit
MR     +....                    D - ring of protection from fire
                                n - ring of magical power

@: very quick, somewhat resistant to hostile enchantments, fairly stealthy
A: unfitting armour, see invisible, herbivore 3, speed 3, slow metabolism 2
a: Draw One, Peek at Two, Triple Draw, Deal Four, Renounce Religion


You were on level 7 of the Dungeon.
You worshipped Nemelex Xobeh.
Nemelex Xobeh was greatly pleased with you.
You were not hungry.

You visited 1 branch of the dungeon, and saw 7 of its levels.
You also visited: Sewer.

You collected 271 gold pieces.

Inventory:

Hand weapons
 a - a +0,+0 spear (weapon)
 b - a +0,+1 sling
Missiles
 G - 119 stones (quivered)
Armour
 e - a +1 robe (worn)
Magical devices
 i - a wand of digging (20)
Comestibles
 h - 2 bread rations
Scrolls
 c - a scroll of remove curse {!r}
 d - a scroll of teleportation {!r}
 r - a scroll of fog {!r}
Jewellery
 n - a ring of magical power (left hand)
 q - an amulet of guardian spirit (around neck)
 D - a ring of protection from fire (right hand)


   Skills:
 - Level 0.7 Fighting
   Level 1.1 Short Blades
 - Level 3.0 Dodging
 - Level 1.5 Stealth
 + Level 13.4 Evocations


You had 5 spell levels left.
You knew the following spells:

 Your Spells              Type           Power        Failure   Level  Hunger
a - Stoneskin             Trmt/Erth      #.........   43%         2    ###....


Dungeon Overview and Level Annotations

Branches:
Dungeon (7/15)
 Temple: D:4-7

Altars:
Ashenzari
Fedhas
Nemelex Xobeh
Trog
Vehumet
Zin

Shops:
D:4 }   D:7 }

Annotations:
D:6 Dowan, Duvessa, Pikel


Innate Abilities, Weirdness & Mutations

You are tiny and cannot use many weapons and most armour.
You have supernaturally acute eyesight.
You are a herbivore.
You cover ground extremely quickly.
You need consume almost no food.


Message History

The orc priest shouts!
The jackal bites you but does no damage.
The worm bites you.
You miss the jackal.
The jackal is moderately wounded.
The jackal bites you. The jackal misses you.
You hit the jackal.
The jackal is severely wounded.
The jackal closely misses you. The worm bites you!
The orc warrior hits you from afar with a trident!
The jackal completely misses you.
Unknown command.
You hit the jackal but do no damage.
The jackal is severely wounded.
The jackal bites you but does no damage.
The orc priest prays to Beogh.
You feel troubled. The orc warrior barely misses you. The worm misses you.
You barely miss the jackal.
The jackal is severely wounded.
The jackal closely misses you. The jackal barely misses you.
The orc warrior hits you from afar with a trident.
* * * LOW HITPOINT WARNING * * *
You closely miss the jackal.
The jackal is severely wounded.
The jackal misses you. The worm barely misses you. The orc warrior misses you.
Unknown command.
You hit the jackal.
The jackal is severely wounded.
The jackal misses you.
The orc priest glows brightly for a moment.
The worm misses you. The jackal barely misses you.
Unknown command.
Drink which item? (? for menu, Esc to quit)
Okay, then.
You hit the jackal.
The jackal is almost dead.
The orc warrior misses you. The jackal completely misses you.
You closely miss the jackal.
The jackal is almost dead.
The jackal misses you.
The orc warrior hits you from afar with a trident!
* * * LOW HITPOINT WARNING * * *
The orc priest becomes somewhat translucent.
The worm misses you. The jackal closely misses you.
Drink which item? (? for menu, Esc to quit)
Really quaff
j - a potion of heal wounds {!q}?
You feel much better. The orc warrior closely misses you.
The jackal misses you. The worm bites you!
Evoke which item? (* to show all) (? for menu, Esc to quit)
Zapping:
i - a wand of digging (21)
Press: ? - help, Shift-Dir - straight line The rock shatters into small pieces.
This wand has 20 charges left.
The jackal bites you but does no damage.
The orc warrior misses you.
The orc priest invokes the aid of Beogh against you.
Something smites you!
* * * LOW HITPOINT WARNING * * *
The jackal misses you.
The orc priest mumbles some strange prayers to Beogh against you.
Something smites you!
* * * LOW HITPOINT WARNING * * *
The orc warrior closely misses you. The worm bites you!
You die...
Your body disappears without a glow.

#............#...o.o.#
#######..###.#####.....[...#
#........##..# ###.......#
#.#####.##...## ##...## #.#
#.#.....# ..# #.# #...oo.##
## #.# #####o## #.#
#w######### #.# #.@.......#
####.# #h######### #....#
#.M. ####.# #..... .. #....#
#....... # #..#.##.........
#... .+.......$.+ #..#.
#......... #.##.# .$.


You could see an orc warrior, a worm, a mummy, an orc priest, an orc and a
jackal.

Vanquished Creatures
  An ogre (D:5)
  2 sky beasts (D:5)
  A scorpion (D:5)
  A giant frog skeleton (D:6)
  2 orc wizards
  5 worker ants
  Ijyb (D:2)
  Terence (D:2)
  7 gnolls
  9 adders
  An inept feature mimic (D:3)
  2 worms (D:4)
  3 giant mites
  2 giant eyeballs (D:5)
  A giant gecko (D:3)
  7 orcs
  7 bats
  A bat skeleton (D:5)
  7 giant cockroaches
  8 goblins
  12 hobgoblins
  11 jackals
  A ball python (Sewer)
  10 giant newts
  4 kobolds
  2 kobold skeletons (D:4)
  A quokka (D:5)
  4 rats
114 creatures vanquished.

Vanquished Creatures (collateral kills)
  The ghost of Grimoiregrey the Shield-Bearer, an average HuFi (D:4)
  A necrophage (D:6)
  An ice beast (D:5)
  An ogre (D:5)
  A scorpion (D:4)
  A crimson imp (D:5)
  A hound (D:4)
  An orc priest (D:5)
  An adder (D:3)
  7 orcs (D:5)
  2 hobgoblins
  A bat (D:3)
  2 kobolds
21 creatures vanquished.

Vanquished Creatures (others)
  A centaur skeleton (D:5)
  A quokka skeleton (D:4)
2 creatures vanquished.

Grand Total: 137 creatures vanquished

Notes
Turn   | Place    | Note
--------------------------------------------------------------
     0 | D:1      | Amnesiac, the Spriggan Artificer, began the quest for the Orb.
     0 | D:1      | Reached XP level 1. HP: 9/9 MP: 2/2
   389 | D:2      | Noticed Ijyb
   396 | D:2      | Killed Ijyb
   396 | D:2      | Reached skill level 5 in Evocations
   396 | D:2      | Reached XP level 2. HP: 14/14 MP: 5/5
   426 | D:3      | Reached XP level 3. HP: 17/17 MP: 8/8
   434 | D:3      | Reached skill level 6 in Evocations
   705 | D:3      | Found a glowing silver altar of Zin.
   751 | D:3      | Reached XP level 4. HP: 19/21 MP: 12/12
   759 | D:3      | Reached skill level 7 in Evocations
   832 | D:4      | Found a radiant altar of Vehumet.
  1235 | D:4      | Noticed Grimoiregrey's ghost (average HuFi)
  1449 | D:4      | Found Miuhohoh's Gadget Shop.
  1494 | D:4      | Found a bloodstained altar of Trog.
  1601 | D:4      | Reached skill level 8 in Evocations
  2093 | D:4      | Reached XP level 5. HP: 21/25 MP: 16/16
  2932 | D:3      | Found a sparkling altar of Nemelex Xobeh.
  2948 | D:3      | Became a worshipper of Nemelex Xobeh the Trickster
  2982 | D:3      | Reached skill level 9 in Evocations
  3245 | D:1      | Received a gift from Nemelex Xobeh
  4388 | D:2      | Acquired Nemelex Xobeh's first power
  4401 | D:2      | Reached XP level 6. HP: 29/29 MP: 20/20
  4537 | D:2      | Noticed Terence
  4543 | D:2      | Killed Terence
  5000 | D:3      | Acquired Nemelex Xobeh's second power
  5400 | D:4      | Received a gift from Nemelex Xobeh
  5422 | D:4      | Killed Grimoiregrey's ghost
  5422 | D:4      | Reached skill level 10 in Evocations
  5536 | D:5      | Entered Level 5 of the Dungeon
  5582 | D:5      | Reached skill level 11 in Evocations
  5808 | D:5      | Reached XP level 7. HP: 12/32 MP: 23/23
  5863 | D:5      | Acquired Nemelex Xobeh's third power
  5949 | D:5      | Paralysed by a giant eyeball for 3 turns
  6220 | D:5      | Paralysed by a giant eyeball for 3 turns
  6818 | D:5      | Found a blossoming altar of Fedhas.
  6858 | D:5      | Reached skill level 12 in Evocations
  6973 | D:5      | Found a radiant altar of Vehumet.
  7401 | D:6      | Reached skill level 13 in Evocations
  7662 | D:6      | Learned a level 2 spell: Stoneskin
  7702 | D:6      | Received a gift from Nemelex Xobeh
  7727 | D:6      | Reached XP level 8. HP: 9/37 MP: 17/25
  7896 | D:7      | Found Prawoimm's Gadget Emporium.
  7958 | D:6      | Found a shattered altar of Ashenzari.
  7963 | D:6      | Saw a vision of the Shoals and the Spider Nest.
  7963 | D:6      | Noticed a redback
  7963 | D:6      | Noticed a sea snake
  7963 | D:6      | Noticed a sea snake
  7963 | D:6      | Noticed a redback
  7963 | D:6      | Noticed a merfolk
  7964 | D:6      | Noticed a redback
  8029 | D:6      | Noticed Pikel
  8095 | D:6      | Noticed Dowan
  8096 | D:6      | Noticed Duvessa
  8117 | D:6      | Found a glowing drain.
  8130 | Sewer    | Entered a sewer
  8727 | Sewer    | Acquired Nemelex Xobeh's fourth power
  8731 | Sewer    | Paralysed by a potion of paralysis for 6 turns
  9107 | D:7      | Slain by a worm

Action                   |  1- 3 |  4- 6 |  7- 9 || total
-------------------------+-------+-------+-------++-------
Melee: Short sword       |    31 |   120 |       ||   151
       Spear             |       |       |   176 ||   176
 Fire: Sling             |       |   238 |   113 ||   351
Throw: Dart              |       |     9 |       ||     9
Evoke: Wand              |    15 |    29 |    14 ||    58
       Deck              |       |    12 |     6 ||    18
  Use: Scroll            |       |       |    15 ||    15
       Potion            |       |       |     7 ||     7
 Stab: Sleeping          |       |     2 |     2 ||     4
